Map: Dusk Towers

Players

Lestative

  • Race: Protoss Protoss
  • League: Gold

capac - Winner!

  • Race: Terran Terran
  • League: Gold

VOD

Have the link to the VOD?

Description

Time

  • Played on: March 11, 2016, 11:13 a.m.
  • Length: 19:07
Show
View Real Time Build Order
Export as new Build Order

Lestative Protoss 

Build Orders: 1 Gate Expand 

Get SALT Encoding   

  12  0:01  Probe (Chrono Boost)  
  13  0:13  Probe (Chrono Boost)  
  14  0:18  Pylon  
  14  0:23  Probe (Chrono Boost)  
  15  0:36  Gateway  
  15  0:38  Probe (Chrono Boost)  
  16  0:48  Probe (Chrono Boost)  
  17  1:10  Nexus  
  17  1:17  Assimilator  
  17  1:31  Probe (Chrono Boost)  
  17  1:32  Cybernetics Core  
  18  1:42  Probe (Chrono Boost)  
  18  1:46  Assimilator  
  19  1:52  Probe (Chrono Boost)  
  20  2:03  Probe (Chrono Boost)  
  20  2:06  Stalker (Chrono Boost)  
  23  2:12  Warp Gate (Chrono Boost)  
  23  2:22  Probe, Pylon  
  24  2:27  Probe  
  25  2:47  Probe (Chrono Boost)  
  25  2:50  Mothership Core (Chrono Boost)  
  28  2:57  Gateway  
  28  2:58  Gateway  
  28  3:00  Gateway  
  28  3:04  Pylon  
  28  3:08  Probe (Chrono Boost)  
  28  3:12  Probe (Chrono Boost)  
  30  3:25  Probe (Chrono Boost)  
  30  3:26  Probe (Chrono Boost), Pylon  
  32  3:32  Pylon  
  32  3:39  Probe (Chrono Boost)  
  32  3:40  Probe (Chrono Boost)  
  34  3:48  Robotics Facility  
  34  3:52  Probe (Chrono Boost)  
  34  3:53  Probe (Chrono Boost)  
  37  4:03  Probe (Chrono Boost)  
  37  4:05  Probe (Chrono Boost)  
  38  4:13  Probe (Chrono Boost)  
  38  4:17  Probe (Chrono Boost), Assimilator  
  40  4:21  Assimilator  
  40  4:25  Pylon  
  40  4:28  Probe (Chrono Boost)  
  40  4:29  Probe (Chrono Boost), Stalker x3  
  48  4:39  Observer (Chrono Boost)  
  49  4:48  Pylon  
  49  4:50  Probe  
  49  4:51  Probe  
  51  4:58  Twilight Council  
  51  4:59  Stalker x2  
  55  5:00  Probe  
  55  5:03  Probe  
  57  5:11  Probe  
  58  5:15  Probe  
  58  5:16  Observer (Chrono Boost)  
  60  5:23  Stalker x4  
  72  5:35  Immortal (Chrono Boost)  
  72  5:41  Blink (Chrono Boost)  
  72  5:51  Pylon  
  72  5:54  Pylon  
  72  5:58  Pylon  
  72  6:32  Robotics Facility  
  72  6:34  Nexus  
  72  6:35  Pylon  
  72  6:36  Robotics Bay  
  72  6:39  Adept x2, Pylon  
  76  6:40  Adept x2  
  76  6:41  Assimilator  
  76  6:46  Assimilator  
  80  6:47  Warp Prism (Chrono Boost)  
  80  6:53  Probe  
  82  6:54  Probe  
  84  7:13  Pylon  
  84  7:15  Pylon  
  84  7:18  Stalker  
  84  7:19  Stalker x3  
  92  7:35  Extended Thermal Lance (Chrono Boost)  
  92  7:37  Colossus (Chrono Boost)  
  92  7:39  Resonating Glaives  
  92  7:40  Probe x2  
  100  7:46  Colossus (Chrono Boost)  
  106  7:55  Probe  
  106  7:56  Probe x2  
  109  8:16  Adept x2  
  109  8:17  Adept x2  
  117  8:36  Gateway  
  117  8:38  Gateway  
  117  8:39  Gateway  
  117  8:40  Gateway  
  117  8:43  Colossus (Chrono Boost)  
  117  8:46  Probe  
  117  8:48  Probe x2  
  126  8:59  Forge  
  126  9:00  Forge  
  126  9:02  Observer  
  127  9:08  Probe  
  127  9:09  Probe x2  
  130  9:18  Charge  
  130  9:27  Colossus (Chrono Boost)  
  136  9:33  Protoss Ground Weapons Level 1 (Chrono Boost)  
  136  9:34  Protoss Shields Level 1 (Chrono Boost)  
  136  9:41  Colossus  
  136  9:42  Adept x3  
  136  9:43  Adept  
  150  9:57  Photon Cannon  
  150  10:00  Probe x2  
  150  10:01  Probe, Photon Cannon  
  150  10:06  Photon Cannon  
  153  10:12  Photon Cannon  
  153  10:30  Nexus  
  153  10:34  Templar Archives  
  153  10:36  Immortal  
  153  10:38  Pylon  
  153  10:40  Pylon  
  157  10:47  Pylon  
  157  10:49  Pylon  
  157  10:50  Pylon  
  157  10:56  Immortal  
  161  11:00  Photon Cannon  
  161  11:03  Photon Cannon  
  161  11:16  Pylon  
  159  11:46  Warp Prism  
  157  11:53  Probe  
  154  11:54  Probe x3  
  157  12:02  Psionic Storm  
  157  12:10  Stargate  
  157  12:11  Stargate  
  157  12:16  High Templar  
  157  12:17  High Templar x6  
  171  12:28  Gravitic Drive (Chrono Boost)  
  171  12:31  Protoss Shields Level 2 (Chrono Boost)  
  171  12:37  Zealot  
  173  12:41  Protoss Ground Weapons Level 2 (Chrono Boost)  
  173  12:48  Assimilator  
  173  12:50  Assimilator  
  173  13:02  Nexus  
  173  13:06  Pylon  
  173  13:09  Pylon  
  172  13:17  Zealot  
  172  13:18  Zealot x5  
  176  14:04  Dark Shrine  
  176  14:05  Zealot x5  
  176  14:06  Zealot x3  
  182  15:02  Protoss Shields Level 3 (Chrono Boost)  
  182  15:06  Protoss Ground Weapons Level 3 (Chrono Boost)  
  74  15:16  Stalker  
  74  15:17  Stalker x5  
  74  15:18  Stalker x2  
  74  15:36  Void Ray x2 (Chrono Boost)  
  82  15:42  Dark Templar  
  82  15:43  Dark Templar x4  
  82  15:44  Dark Templar x2  
  82  16:17  Stalker x5  
  82  16:18  Stalker x2  
  82  16:47  Probe  
  82  16:49  Probe x2  
  85  16:58  Probe  
  85  17:01  Probe x2  
  88  17:08  Probe  
  89  17:18  Stalker x2  
  89  17:19  Stalker x2  
  97  17:40  Probe  
  97  17:42  Probe x2  
  98  18:24  Nexus  
Show
View Real Time Build Order
Export as new Build Order

capac Terran - Winner!

Build Orders: Bio Tank 

Get SALT Encoding   

  12  0:01  SCV  
  13  0:13  SCV  
  14  0:18  Supply Depot  
  14  0:25  SCV  
  15  0:39  SCV  
  15  0:42  Barracks  
  16  0:45  Refinery  
  16  0:54  SCV  
  17  1:06  SCV  
  18  1:18  SCV  
  19  1:30  Reaper, SCV  
  21  1:38  Command Center  
  21  1:42  Supply Depot  
  21  1:51  Orbital Command  
  21  2:08  Barracks  
  21  2:09  Barracks Reactor  
  21  2:17  SCV  
  22  2:27  Refinery, Factory  
  22  2:41  SCV  
  23  2:48  Marine x2  
  24  2:55  Orbital Command  
  24  2:58  Barracks Tech Lab  
  24  3:06  Marine x2  
  24  3:08  SCV  
  27  3:14  Factory Tech Lab  
  27  3:19  Starport  
  27  3:23  Engineering Bay  
  27  3:26  Marine x2  
  29  3:28  Marine  
  29  3:33  Siege Tank  
  33  3:36  SCV  
  33  3:37  SCV  
  35  3:44  Refinery  
  35  3:47  Marine x2  
  37  3:51  SCV  
  37  3:52  SCV  
  39  4:02  Starport Reactor, Missile Turret  
  39  4:04  Stimpack  
  39  4:09  SCV  
  41  4:10  SCV  
  41  4:17  Supply Depot  
  41  4:23  SCV  
  41  4:24  SCV  
  43  4:26  Marine x3  
  43  4:29  Missile Turret  
  46  4:41  Supply Depot  
  46  4:42  Medivac x2  
  46  4:45  Siege Tank  
  53  4:50  SCV  
  54  4:56  Supply Depot  
  54  5:03  SCV  
  55  5:09  Marine x3  
  55  5:10  Missile Turret  
  58  5:27  Marine x3  
  61  5:41  SCV  
  62  5:44  Marine  
  63  5:50  Command Center  
  63  5:52  Missile Turret  
  63  6:18  SCV  
  63  6:19  Marine x2, SCV  
  63  6:20  Marine  
  68  6:31  Terran Infantry Weapons Level 1, Supply Depot  
  68  6:32  Combat Shields  
  68  6:35  Liberator x2  
  68  6:38  Barracks  
  68  6:40  Barracks  
  68  6:47  SCV x2  
  68  6:52  Marine x2  
  78  6:59  Supply Depot  
  78  7:01  Marine, Siege Tank  
  78  7:02  Supply Depot  
  78  7:04  Orbital Command  
  78  7:05  Missile Turret  
  78  7:06  SCV x2  
  84  7:13  Refinery, Marine x2  
  86  7:24  Supply Depot  
  86  7:25  Supply Depot  
  86  7:31  SCV, Missile Turret  
  86  7:34  Barracks Reactor x2  
  87  7:39  Siege Tank  
  87  7:43  SCV  
  91  7:44  SCV  
  91  7:45  Liberator, SCV  
  91  7:47  Liberator  
  93  7:56  Marine x3  
  93  7:57  SCV x2  
  98  8:00  Supply Depot  
  104  8:08  SCV  
  104  8:09  SCV  
  106  8:16  Refinery, Marine x2  
  106  8:17  Refinery, Marine  
  109  8:23  Armory  
  109  8:27  Terran Infantry Armor Level 1  
  109  8:29  Engineering Bay  
  109  8:33  Marine x2  
  111  8:34  Marine, Liberator  
  111  8:38  SCV  
  111  8:39  SCV  
  111  8:41  SCV  
  115  8:50  Siege Tank  
  121  8:59  Supply Depot, SCV x2  
  121  9:00  SCV  
  124  9:11  Marine  
  124  9:12  Marine x6  
  131  9:20  Terran Infantry Weapons Level 2  
  131  9:23  Supply Depot, Liberator  
  131  9:24  Siege Tank  
  131  9:26  SCV x3  
  131  9:28  Liberator  
  137  9:32  Marine  
  137  9:33  Marine x5  
  137  9:34  Marine  
  150  9:49  Supply Depot  
  150  9:51  Supply Depot  
  150  9:56  Siege Tank  
  153  10:09  Terran Ship Weapons Level 1  
  153  10:10  Starport  
  153  10:22  Missile Turret  
  153  10:23  SCV x3, Medivac  
  153  10:24  Marine x4  
  153  10:25  Marine x3  
  153  10:27  Medivac  
  167  10:29  Siege Tank  
  167  10:32  Supply Depot  
  170  10:36  SCV x2  
  170  10:37  SCV  
  173  10:47  Missile Turret  
  173  10:50  Starport Reactor  
  173  10:54  Marine  
  174  10:58  Missile Turret  
  174  10:59  Medivac x2  
  174  11:00  Marine  
  174  11:01  Marine x2  
  181  11:08  Command Center  
  181  11:20  Marine  
  181  11:21  Marine  
  181  11:22  Marine  
  181  11:25  Siege Tank  
  167  11:49  Marine x4  
  167  11:50  Marine  
  167  11:51  Medivac x2  
  176  11:55  Medivac x2  
  180  12:01  SCV  
  180  12:04  Liberator x2  
  180  12:08  Liberator x2  
  181  12:20  SCV x2  
  195  12:44  Terran Ship Weapons Level 2  
  195  12:46  Terran Infantry Armor Level 2, Terran Infantry Weapons Level 3  
  195  13:01  Command Center  
  192  14:06  Liberator x2  
  189  14:58  Marine x4  
  122  15:29  Marine  
  122  15:30  Marine x5  
  99  16:25  Liberator x3  
  99  16:37  Marine x3  
  99  16:38  Marine x4  
  106  16:40  Siege Tank  
  113  16:55  Marine  
  111  17:14  Marine x7  
  118  17:31  Marine  
  118  17:32  Marine x6  
  122  17:49  Marine x3  
  122  17:50  Marine x3  
  128  18:06  Marine  
  128  18:07  Marine x3  
  128  18:08  Siege Tank  
  135  18:27  Marine x4  
  135  18:28  Marine x2  
Tags
 
Composition
Bio Tank
League
GoldGold
Matchup
PvT
Add a new tag
Caveats
  • Supply blocks, unpowered buildings, or Contaminate may cause inaccurate times.
  • Supply counts are checked every 10 seconds.